 Dungeon Crawl Stone Soup version 0.26.0-10-g1f06aea511 (webtiles) character file.

Game seed: 6500852580714057787

28 Borgoz the Slasher (level 3, 0/30 HPs)
             Began as a Ghoul Gladiator on Jan 18, 2021.
             Slain by an orc priest
             ... wielding a +0 flail
              (6 damage)
             ... on level 2 of the Dungeon.
             The game lasted 00:01:03 (1043 turns).

Borgoz the Slasher (Ghoul Gladiator)                Turns: 1043, Time: 00:01:04

Health: 0/30       AC:  7    Str: 17    XL:     3   Next: 12%
Magic:  2/2        EV: 11    Int:  3    God:
Gold:   48         SH:  0    Dex: 11    Spells: 2/2 levels left

rFire    . . .     SeeInvis .   a - +0 long sword
rCold    + . .     Faith    .   (no shield)
rNeg     + + +     Spirit   .   k - +0 ring mail
rPois    ∞         Reflect  .   c - +0 helmet
rElec    .         Harm     .   (no cloak)
rCorr    .         Rampage  .   (no gloves)
Will     .....                  h - +0 pair of boots (curse)
Stlth    +.........             (no amulet)
HPRegen  0.00/turn              (no ring)
MPRegen  0.08/turn              (no ring)

@: no status effects
A: claws 1, cold resistance 1, negative energy resistance 3, inhibited
regeneration, torment resistance, unbreathing
a: no special abilities


You were on level 2 of the Dungeon.
You visited 1 branch of the dungeon, and saw 2 of its levels.

You collected 48 gold pieces.

Inventory:

Hand Weapons
 a - a +0 long sword (weapon)
Missiles
 d - 3 throwing nets (quivered)
Armour
 c - a +0 helmet (worn)
 h - a cursed +0 pair of boots (worn)
 k - a +0 ring mail (worn)
Scrolls
 f - a scroll of teleportation {unknown}
 i - a scroll of noise {unknown}
Potions
 g - 2 potions of curing {unknown}
 l - 2 potions of ambrosia {unknown}


   Skills:
 + Level 2.5 Fighting
 * Level 3.1 Long Blades
 - Level 1.7 Throwing
 * Level 1.0 Armour
 + Level 3.0 Dodging


You had 2 spell levels left.
You didn't know any spells.
Your spell library was empty.

Dungeon Overview and Level Annotations

Branches:
Dungeon (2/15)

Altars:


Innate Abilities, Weirdness & Mutations

You thrive by killing the living.
You are immune to poison.
You have sharp fingernails.
Your flesh is cold resistant. (rC+)
You are immune to negative energy. (rN+++)
You do not regenerate when monsters are visible.
You are immune to unholy pain and torment.
You can survive without breathing.


Message History

The orc priest is severely wounded.
The orc priest mumbles some strange prayers to Beogh against you.
Beogh smites you!
* * * LOW HITPOINT WARNING * * *
The goblin hits you with a +0 club.
* * * LOW HITPOINT WARNING * * *
The kobold hits you but does no damage.
You are too injured to fight recklessly!
You are too injured to fight recklessly!
You are too injured to fight recklessly!
You are too injured to fight recklessly!
You are too injured to fight recklessly!
You are too injured to fight recklessly!
You are too injured to fight recklessly!
You are too injured to fight recklessly!
You are too injured to fight recklessly!
You are too injured to fight recklessly!
It was a potion of lignification.
You feel woody for a moment.
The orc priest hits you with a +0 flail.
You die...

####.#...# #
....#.#.#.#..
8..#.#.#.#..
....#....#
.o...#..#
.oo....#.
#gol.....
#@K#.....
#........
#...#.###
#######.###
.. .
#.........# #
..##.####.#)#
#.#.......#.#
##
#.#..###### #
..###.#..# .#


You could see 2 orc priests, 2 orcs, a goblin, a kobold and a frilled lizard.

Vanquished Creatures
  6 bats
  A giant cockroach (D:1)
  A hobgoblin (D:1)
  6 jackals
  A ball python zombie (D:2)
  5 frilled lizards
  3 goblins (D:1)
  4 rats
27 creatures vanquished.

Notes
Turn   | Place    | Note
-------+----------+-------------------------------------------
     0 | D:1      | Borgoz the Ghoul Gladiator began the quest for the Orb.
     0 | D:1      | Reached XP level 1. HP: 17/17 MP: 0/0
   228 | D:1      | Reached XP level 2. HP: 25/25 MP: 1/1
   787 | D:2      | Reached skill level 1 in Armour
   799 | D:1      | Reached XP level 3. HP: 15/30 MP: 2/2
  1043 | D:2      | Slain by an orc priest

Illustrated notes

Levels and vault maps discovered:
D:1:      noname_arrival_rooms_in_the_neighbourhood, layout_basic
D:2:      cheibrodos_pilgrimage, layout_basic, uniq_terence

Skill      XL: |  1  2 |
---------------+-------+-----
Long Blades    | 3 |  3.1
Armour         | 1 |  1.0
Dodging        | 3 |  3.0
Fighting       | |  2.5
Throwing       | |  1.7

Action                   || total
-------------------------++-------
Melee: Long sword        ||    79
  Use: Potion            ||     1
Armor: Leather armour    ||    57
       Ring mail         ||     5
Dodge: Dodged            ||    96
       Rpst.: Long sword ||    28
